 Dungeon Crawl Stone Soup version 0.25-a0-340-ga1faa1601d (webtiles) character file.

Game seed: 15529541168298089182, levelgen mode: deterministic

422 pk666 the Magician (level 6, -5/32 HPs)
             Began as a Deep Elf Wizard on Dec 29, 2019.
             Slain by a wight
             ... wielding a +5 dagger
              (7 damage)
             ... on level 3 of the Dungeon.
             The game lasted 00:06:44 (4022 turns).

pk666 the Magician (Deep Elf Wizard)                Turns: 4022, Time: 00:06:45

Health: -5/32      AC:  2    Str:  4    XL:     6   Next: 63%
Magic:  5/17       EV: 12    Int: 25    God:
Gold:   129        SH:  0    Dex: 13    Spells: 6/17 levels left

rFire    . . .     SeeInvis .   l - +0 dagger
rCold    . . .     Gourm    .   (no shield)
rNeg     . . .     Faith    .   a - +0 robe
rPois    .         Spirit   .   b - +0 hat
rElec    .         Reflect  .   (no cloak)
rCorr    .         Harm     .   (no gloves)
MR       .....                  (no boots)
Stlth    ++........             (no amulet)
HPRegen  0.10/turn              (no ring)
MPRegen  0.15/turn              (no ring)

@: drained
A: no striking features
a: no special abilities


You were on level 3 of the Dungeon.
You were not hungry.

You visited 1 branch of the dungeon, and saw 4 of its levels.

You collected 129 gold pieces.

Inventory:

Hand Weapons
 l - a +0 dagger (weapon)
Armour
 a - a +0 robe (worn)
 b - a +0 hat (worn)
Jewellery
 e - a +1 ring of protection {unknown}
Scrolls
 c - a scroll of identify {unknown}
 h - a scroll of enchant weapon {unknown}
 j - 2 scrolls of fear {unknown}
 k - a scroll of amnesia {unknown}
 m - 2 scrolls of immolation {unknown}
 p - 3 scrolls of teleportation {unknown}
 r - a scroll of remove curse {unknown}
Potions
 f - a potion of invisibility {unknown}
 g - 2 potions of haste {unknown}
 i - 2 potions of curing {unknown}
 n - a potion of cancellation {unknown}
 o - 3 potions of degeneration {unknown}
 q - a potion of flight {unknown}
 s - a potion of agility {unknown}
Comestibles
 d - 4 rations


   Skills:
 - Level 3.1(2.0) Dodging
 - Level 2.4(1.4) Stealth
 + Level 6.2(5.1) Spellcasting
 + Level 3.7(2.6) Conjurations
 - Level 2.0(1.0) Summonings
 - Level 1.1(0.1) Translocations
 + Level 3.0(2.0) Fire Magic
 - Level 2.0(1.0) Air Magic
 - Level 2.0(1.0) Poison Magic


You had 6 spell levels left.
You knew the following spells:

 Your Spells              Type           Power        Failure   Level  Hunger
a - Magic Dart            Conj           ###.         2%          1    None
b - Blink                 Tloc           N/A          12%         2    None
c - Conjure Flame         Conj/Fire      ###.....     10%         3    ##.....
d - Mephitic Cloud        Conj/Pois/Air  ##......     13%         3    ##.....
s - Call Imp              Summ           ##......     9%          2    None

Your spell library contained the following spells:

 Spells                   Type           Power        Failure   Level  Hunger
 Slow                     Hex            #.......     12%         2    None


Dungeon Overview and Level Annotations

Branches:
Dungeon (4/15)
 Temple: D:4-7

Altars:
Ashenzari
Cheibriados
Fedhas
Hepliaklqana


Message History

The wight is heavily damaged.
The wight hits you with a +5 dagger.
You feel drained.
Casting: Magic Dart (safe; 2% risk of failure)
Confirm with . or Enter, or press ? or * to list all spells.
Aiming: Magic Dart (safe; 2% risk of failure)
Press: ? - help, Shift-Dir - straight line, f/p - wight
Aim: a wight, wielding a +5 dagger and wearing a +0 robe (heavily damaged)
The magic dart hits the wight.
The wight is severely damaged.
The wight hits you with a +5 dagger!
* * * LOW HITPOINT WARNING * * *
Casting: Magic Dart (safe; 2% risk of failure)
Confirm with . or Enter, or press ? or * to list all spells.
Aiming: Magic Dart (safe; 2% risk of failure)
Press: ? - help, Shift-Dir - straight line, f/p - wight
Aim: a wight, wielding a +5 dagger and wearing a +0 robe (severely damaged)
The magic dart hits the wight but does no damage.
The wight is severely damaged.
The wight hits you with a +5 dagger!
You die...

#.# #.# #.# #.#
######.#
.....#.###########
####.......>.....#
.###.#.#.#######z#
........#.## #@#
.........#.# #.#
###.....#.## #.#
.....#.#.## #.#
###.#...## #.#
###.##[## #.#
....##'## #.#
#####...## #.# #
##.....## #.#


You could see a wight.

Vanquished Creatures
  Sigmund (D:3)
  A crocodile (D:3)
  A hound (D:3)
  An orc priest (D:2)
  3 gnolls (D:3)
  An adder (D:3)
  An ooze (D:2)
  2 worms
  5 dart slugs
  3 leopard geckos
  10 orcs
  6 goblins
  11 hobgoblins
  3 jackals (D:3)
  A quokka (D:2)
  A ball python (D:3)
  8 bats
  7 kobolds
  5 rats
71 creatures vanquished.

Notes
Turn   | Place    | Note
-------+----------+-------------------------------------------
     0 | D:1      | pk666 the Deep Elf Wizard began the quest for the Orb.
     0 | D:1      | Reached XP level 1. HP: 10/10 MP: 7/7
   279 | D:1      | Reached XP level 2. HP: 15/15 MP: 3/9
   341 | D:1      | Learned a level 2 spell: Call Imp
   344 | D:1      | Learned a level 2 spell: Blink
  1101 | D:2      | Reached XP level 3. HP: 19/19 MP: 6/11
  1106 | D:2      | Learned a level 3 spell: Conjure Flame
  1110 | D:2      | Learned a level 3 spell: Mephitic Cloud
  1445 | D:2      | Reached skill level 5 in Spellcasting
  1578 | D:2      | Reached XP level 4. HP: 24/24 MP: 2/13
  1898 | D:2      | Reached skill level 1 in Fire Magic
  1998 | D:2      | Reached skill level 1 in Poison Magic
  2195 | D:3      | Noticed Sigmund
  2206 | D:3      | Killed Sigmund
  2206 | D:3      | Reached skill level 1 in Air Magic
  2206 | D:3      | Reached XP level 5. HP: 28/28 MP: 6/15
  2395 | D:3      | Found a hazy altar of Hepliaklqana.
  2421 | D:3      | Found a blossoming altar of Fedhas.
  2425 | D:3      | Found a shattered altar of Ashenzari.
  2723 | D:3      | Reached XP level 6. HP: 31/32 MP: 11/16
  2976 | D:3      | Reached skill level 6 in Spellcasting
  3580 | D:3      | Found a snail-covered altar of Cheibriados.
  4022 | D:3      | Slain by a wight

Levels and vault maps discovered:
D:1:      lemuel_arrival_river_ford, layout_loops_ring
D:2:      layout_loops_cross, first_ration
D:3:      layout_loops_corners, grunt_temple_overflow_open, uniq_sigmund
D:4:      layout_rooms, serial_shops, shop, lemuel_angel_altar

Skill      XL: |  1  2  3  4  5  6 |
---------------+-------------------+-----
Dodging        | 3 |  3.1
Conjurations   | 2 3 |  3.7
Spellcasting   | 5 6 |  6.2
Summonings     | 2 |  2.0
Fire Magic     | 2 3 |  3.0
Poison Magic   | 2 |  2.0
Air Magic      | 1 2 |  2.0
Stealth        | |  2.4
Translocations | |  1.1

Action                   |  1- 3 |  4- 6 || total
-------------------------+-------+-------++-------
Melee: Dagger            |       |     7 ||     7
 Cast: Magic Dart        |    89 |    96 ||   185
       Conjure Flame     |       |     8 ||     8
       Mephitic Cloud    |       |     5 ||     5
       Blink             |       |     2 ||     2
 Stab: Confused          |       |     2 ||     2
  Eat: Chunk             |     1 |     6 ||     7
       Ration            |       |     1 ||     1
Armor: Robe              |       |     2 ||     2
Dodge: Dodged            |     1 |    14 ||    15

Table legend:
 A = Non-vault XP
 B = Vault XP
 C = Vault XP percentage of total XP
 D = Non-vault monster count
 E = Vault monster count
 F = Vault count percentage of total count
                 A         B        C        D         E       F
            +---------+---------+-------+---------+---------+-------
      Total |     384 |     220 |  36.4 |      70 |       1 |   1.4
            +---------+---------+-------+---------+---------+-------
        D:1 |      35 |       0 |   0.0 |      18 |       0 |   0.0
        D:2 |      98 |       0 |   0.0 |      21 |       0 |   0.0
        D:3 |     251 |     220 |  46.7 |      31 |       1 |   3.1
            +---------+---------+-------+---------+---------+-------
